 Dungeon Crawl Stone Soup version 0.30.1-4-g462c640d31 (webtiles) character file.

Game seed: 6326121300373122208

158 Almogavar the Chopper (level 5, -1/47 HPs)
             Began as a Hill Orc Fighter on Aug 19, 2023.
             Slain by Edmund
             ... wielding a +2 flail of holy wrath
              (5 damage)
             ... on level 4 of the Dungeon.
             The game lasted 00:05:15 (2034 turns).

Almogavar the Chopper (Hill Orc Fighter)            Turns: 2034, Time: 00:05:15

Health: -1/47      AC:  7    Str: 21    XL:     5   Next: 40%
Magic:  0/5        EV:  9    Int:  8    God:
Gold:   132        SH:  4    Dex: 10    Spells: 4/4 levels left

rFire   . . .        a - +1 war axe
rCold   . . .        c - +0 buckler
rNeg    . . .        b - +0 scale mail
rPois   .            (no helmet)
rElec   .            (no cloak)
rCorr   .            (no gloves)
SInv    .            (no boots)
Will    .....        t - amulet of guardian spirit Stlth
                     (no ring)
HPRegen 0.27/turn    (no ring)
MPRegen 0.09/turn

%: guardian spirit
@: mighty
A: no striking features
a: no special abilities


You were on level 4 of the Dungeon.
You visited 1 branch of the dungeon, and saw 4 of its levels.

You collected 132 gold pieces.

Inventory:

Hand Weapons
 a - a +1 war axe (weapon)
Armour
 b - a +0 scale mail (worn)
 c - a +0 buckler (worn)
Magical Staves
 o - a staff of poison
 s - a staff of air
Jewellery
 t - an amulet of guardian spirit (around neck)
Wands
 i - a wand of acid (11)
 m - a wand of flame (16)
 u - a wand of paralysis (10)
 w - a wand of mindburst (16)
Scrolls
 e - a scroll of fog {unknown}
 f - a scroll of butterflies {unknown}
 g - a scroll of teleportation
 h - a scroll of blinking {unknown}
 l - a scroll of enchant weapon
 n - a scroll of vulnerability {unknown}
 q - a scroll of identify {unknown}
 r - a scroll of enchant armour {unknown}
 x - a scroll of fear {unknown}
 y - a scroll of poison {unknown}
Potions
 d - a potion of might
 j - a potion of heal wounds
 k - a potion of cancellation {unknown}
 p - a potion of degeneration {unknown}
 v - a potion of mutation {unknown}
 z - a potion of invisibility {unknown}


   Skills:
 + Level 4.4 Fighting
 + Level 5.0 Axes
 + Level 4.3 Armour
 + Level 3.9 Shields


You had 4 spell levels left.
You didn't know any spells.
Your spell library was empty.

Dungeon Overview and Level Annotations

Branches:
Dungeon (4/15)
 Temple: D:4-7

Altars:
Kikubaaqudgha

Annotations:
D:4 3 runed translucent doors, Edmund


Message History

Edmund hits you with a +2 flail of holy wrath.
You slash Edmund!
Edmund is moderately wounded.
Edmund hits you with a +2 flail of holy wrath!
Edmund hits you with a +2 flail of holy wrath.
You feel very mighty all of a sudden.
Edmund zaps a wand.
The puff of flame hits you!
You closely miss Edmund.
Edmund is moderately wounded.
You block Edmund's attack.
You slash Edmund!
Edmund is heavily wounded.
Edmund says, "You wouldn't believe how much I paid for this flail."
Edmund hits you with a +2 flail of holy wrath.
You closely miss Edmund.
Edmund is heavily wounded.
You block Edmund's attack.
You barely miss Edmund.
Edmund is heavily wounded.
Edmund zaps a wand.
The puff of flame hits you!
* * * LOW HITPOINT WARNING * * *
Edmund hits you with a +2 flail of holy wrath.
* * * LOW HITPOINT WARNING * * *
You hit Edmund.
Edmund is severely wounded.
Edmund hits you with a +2 flail of holy wrath.
* * * LOW HITPOINT WARNING * * *
You slash Edmund!
Edmund is almost dead.
Edmund says, "People accused me of being a cutpurse!"
Edmund zaps a wand.
The puff of flame hits you but does no damage.
You completely miss Edmund.
Edmund is almost dead.
Edmund zaps a wand.
The puff of flame hits you.
* * * LOW HITPOINT WARNING * * *
You barely miss Edmund.
Edmund is almost dead.
Edmund hits you with a +2 flail of holy wrath.
You die...

#....+.. ....+(.
.$. ###...+. ..$.
# ..#..#. .....
.#.#....# .....
.....#..#########.
#..............
#............
#@#......##..
#@#.........#
..#..........
####.#........
#.#.#..>...
#.#.###.###
#.#...#.# #.###.#
#.# #.#


You could see Edmund.

Vanquished Creatures
  Ijyb (D:3)
  6 adders
  A worm (D:2)
  4 dart slugs
  An orc (D:3)
  6 ball pythons
  3 bats
  6 endoplasms
  2 giant cockroaches
  9 goblins
  9 hobgoblins
  7 jackals
  A quokka (D:3)
  2 frilled lizards
  3 kobolds
  A rat (D:1)
62 creatures vanquished.

Notes
Turn   | Place    | Note
-------+----------+-------------------------------------------
     0 | D:1      | Almogavar the Hill Orc Fighter began the quest for the Orb.
     0 | D:1      | Reached XP level 1. HP: 19/19 MP: 1/1
    16 | D:1      | Found a faded altar of an unknown god.
   107 | D:1      | Reached XP level 2. HP: 24/27 MP: 2/2
   308 | D:1      | Reached XP level 3. HP: 33/33 MP: 3/3
   656 | D:2      | Reached skill level 3 in Axes
  1033 | D:2      | Reached XP level 4. HP: 35/40 MP: 4/4
  1139 | D:2      | Reached skill level 4 in Axes
  1421 | D:3      | Found an ancient bone altar of Kikubaaqudgha.
  1499 | D:3      | Reached XP level 5. HP: 41/47 MP: 3/5
  1716 | D:3      | Noticed Ijyb
  1760 | D:3      | Killed Ijyb
  1761 | D:3      | Reached skill level 5 in Axes
  2022 | D:4      | Found a runed translucent gate.
  2022 | D:4      | Found a runed translucent gate.
  2022 | D:4      | Found a runed translucent gate.
  2022 | D:4      | Noticed a sky beast
  2022 | D:4      | Noticed Edmund
  2034 | D:4      | Slain by Edmund

Illustrated notes

Levels and vault maps discovered:
D:1:      tarquinn_simple_flora_water_a, layout_loops_cross,
          shapermc_ecumenical_altar_mp_ritualfount
D:2:      layout_basic
D:3:      layout_rooms, mainiacjoe_overflow_boulevard, minmay_misc_feat_rugged,
          uniq_ijyb
D:4:      layout_basic, nicolae_qazlal_general_emergency,
          nicolae_overflow_hallway_of_the_gods, nicolae_overflow_squiral,
          serial_shops, nicolae_shop_drivethru, gammafunk_ghost_split,
          uniq_sigmund, uniq_edmund

Skill      XL: |  1  2  3  4  5 |
---------------+----------------+-----
Fighting       | 4 |  4.4
Axes           | 3 4 5 |  5.0
Armour         | 4 |  4.3
Shields        | |  3.9

Action                     |  1- 3 |  4- 6 || total
---------------------------+-------+-------++-------
  Melee: War axe           |   106 |   123 ||   229
    Use: Potion            |       |     3 ||     3
         Scroll            |       |     2 ||     2
 Armour: Scale mail        |    72 |    52 ||   124
  Dodge: Dodged            |    52 |    50 ||   102
  Block: Buckler           |    27 |    21 ||    48
